 Dungeon Crawl Stone Soup version 0.31-a0-965-g8a8ce12e04 (webtiles) character file.

Game seed: 15634888026256112949

973 Dirtsage the Insei (level 8, -4/54 HPs)
             Began as an Octopode Shapeshifter on Oct 26, 2023.
             Was an Initiate of Wu Jian.
             Slain by an orc
             ... wielding a +0 flail
              (8 damage)
             ... on level 4 of the Dungeon.
             The game lasted 00:09:18 (4458 turns).

Dirtsage the Insei (Octopode Shapeshifter)          Turns: 4458, Time: 00:09:18

Health: -4/54      AC:  1    Str: 13    XL:     8   Next: 16%
Magic:  8/8        EV: 13    Int: 13    God:    Wu Jian [......]
Gold:   203        SH:  0    Dex: 13    Spells: 7/7 levels left

rFire   . .          .
                       - Unarmed
rCold   . . .        (no shield)
rNeg    . . .        (helmet currently unavailable)
rPois   .            (no amulet)
rElec   .            (no ring)
rCorr   .            (no ring)
SInv    .            (no ring)
Will    .....        (no ring)
Stlth   ++           (no ring)
HPRegen 0.29/turn    (no ring)
MPRegen 0.11/turn    (no ring)
                     (no ring)

%: no passive effects
@: beast-form
A: beast (slay +3), almost no armour, amphibious, 8 rings, camouflage 1,
gelatinous body 1, (nimble swimmer 1), tentacles
a: Begin Untransformation, Renounce Religion


You were on level 4 of the Dungeon.
You worshipped Wu Jian.
Wu Jian was noncommittal.
You were a hulking beast.
You visited 2 branches of the dungeon, and saw 6 of its levels.

You collected 203 gold pieces.

Inventory:

Jewellery
 u - a ring of fire
Talismans
 b - a beast talisman
 c - a flux talisman
 t - a flux talisman
Wands
 k - a wand of flame (26)
 l - a wand of polymorph (7)
 v - a wand of charming (7)
Scrolls
 e - 2 scrolls of enchant weapon
 g - a scroll of teleportation {unknown}
 i - a scroll of identify
 j - a scroll of torment {unknown}
 n - a scroll of silence {unknown}
 o - 2 scrolls of enchant armour
 p - a scroll of immolation {unknown}
 q - a scroll of brand weapon
Potions
 a - a potion of might {unknown}
 d - 2 potions of invisibility {unknown}
 f - a potion of degeneration {unknown}
 h - 2 potions of brilliance {unknown}
 m - 2 potions of curing {unknown}
 r - a potion of resistance {unknown}
 s - 3 potions of heal wounds {unknown}


   Skills:
 + Level 4.0 Fighting
 - Level 2.0 Dodging
 * Level 6.5 Unarmed Combat
 * Level 6.1 Shapeshifting


You had 7 spell levels left.
You didn't know any spells.
Your spell library was empty.

Dungeon Overview and Level Annotations

Branches:
Dungeon (5/15)             Temple (1/1) D:4

Altars:
Ashenzari
Cheibriados
Dithmenos
Elyvilon
Fedhas
Gozag
Qazlal
Uskayaw
Vehumet
Wu Jian
Yredelemnul
Zin
The Shining One

Shops:
D:4 *


Innate Abilities, Weirdness & Mutations

You are a hulking beast.
Your limbs bulge with bestial killing power. (Slay +3)
You cannot wear most types of armour.
You are amphibious.
You can wear up to eight rings at the same time.
Your skin changes colour to match your surroundings (Stealth+).
Your rubbery body absorbs attacks. (AC +1, EV +1)
((You are camouflaged when in or above water. (Stealth+)))
You have tentacles for arms and can constrict up to eight enemies at once.


Message History

There is a stone staircase leading up, spattered with blood here.
You take 5 damage, and have 49/54 hp.
You tentacle-slap the orc wizard. You grab the orc wizard.
The orc wizard is moderately wounded.
You constrict the orc wizard. You tentacle-slap the orc wizard.
The orc wizard is heavily wounded.
You constrict the orc wizard, but do no damage.
The orc misses you. The orc wizard closely misses you.
The orc closely misses you.
The orc priest calls down the wrath of Beogh upon you.
Beogh smites you!
You take 12 damage, and have 38/54 hp.
MASSIVE DAMAGE!!
You bludgeon the orc wizard!
You kill the orc wizard!
The Council accepts your kill. The orc barely misses you.
The orc hits you with a +0 flail!
You take 9 damage, and have 29/54 hp.
You are too injured to fight recklessly!
The orc hits you but does no damage. The orc hits you with a +0 flail!
The orc priest calls down the wrath of Beogh upon you.
Beogh smites you!
* * * LOW HITPOINT WARNING * * *
You climb upwards.
There is a stone staircase leading down here.
You take 22 damage, and have 7/54 hp.
MASSIVE DAMAGE!!
You bludgeon the orc wizard! Your grab misses the orc wizard.
The orc wizard is severely wounded.
The orc wizard completely misses you. The orc barely misses you.
The orc closely misses you.
You tentacle-slap the orc wizard. You grab the orc wizard.
You squeeze the orc wizard, but do no damage.
The orc wizard is almost dead.
You constrict the orc wizard.
You kill the orc wizard!
The Council accepts your kill. The orc hits you with a +0 hand axe.
* * * LOW HITPOINT WARNING * * *
The orc hits you with a +0 flail!
You die...

###### ######....#
#....#....#
#....#....#
#)...#....##
#oho.#.....#
#.)[.#.....#
#....#.....#
#....#.....#
#..###.....########
#..#######....#....
#...#....#....#..#.
#...'....'....#..'.
#..#######....#..#.


You could see 2 orcs.

Vanquished Creatures
  Sigmund (D:2)
  Duvessa (D:4)
  An ice beast (D:4)
  2 bullfrogs
  Dowan (D:4)
  2 orc priests (D:3)
  2 hounds (D:5)
  A gnoll bouda (D:5)
  An iguana (D:2)
  A sleepcap (D:4)
  3 orc wizards
  Robin (D:2)
  8 adders
  2 worms
  A dart slug (D:3)
  12 orcs
  5 bats
  4 endoplasms
  2 giant cockroaches
  18 goblins
  9 hobgoblins
  8 jackals
  6 quokkas
  10 ball pythons
  2 frilled lizards
  5 kobolds
  4 rats
113 creatures vanquished.

Notes
Turn   | Place    | Note
-------+----------+-------------------------------------------
     0 | D:1      | Dirtsage the Octopode Shapeshifter began the quest for the
                  | Orb.
     0 | D:1      | Reached XP level 1. HP: 13/13 MP: 1/1
   145 | D:1      | Reached XP level 2. HP: 18/18 MP: 2/2
   432 | D:1      | Reached XP level 3. HP: 23/23 MP: 3/3
  1102 | D:2      | Reached XP level 4. HP: 29/29 MP: 4/4
  1156 | D:2      | Noticed Sigmund
  1165 | D:2      | Killed Sigmund
  1166 | D:2      | Reached XP level 5. HP: 35/35 MP: 5/5
  1194 | D:2      | Reached XP level 6. HP: 37/41 MP: 6/6
  1222 | D:2      | Noticed Robin
  1238 | D:2      | Killed Robin
  2134 | D:3      | Found a large runed translucent door.
  2159 | D:3      | Found a large runed translucent door.
  2168 | D:3      | Found a broken altar of Ashenzari.
  2311 | D:3      | Found a faded altar of an unknown god.
  2423 | D:3      | Reached skill level 5 in Unarmed Combat
  2824 | D:3      | Found a blossoming altar of Fedhas.
  2856 | D:3      | Found a basalt altar of Yredelemnul.
  2893 | D:4      | Found Tomazob's General Store.
  2938 | D:4      | Reached skill level 5 in Shapeshifting
  2938 | D:4      | Reached XP level 7. HP: 37/46 MP: 7/7
  3060 | D:4      | Noticed Duvessa
  3063 | D:4      | Noticed Dowan
  3083 | D:4      | Killed Duvessa
  3099 | D:4      | Killed Dowan
  3367 | D:4      | Found a staircase to the Ecumenical Temple.
  3372 | Temple   | Entered the Ecumenical Temple
  3414 | Temple   | Became a worshipper of the Wu Jian Council
  4087 | D:5      | Entered Level 5 of the Dungeon
  4141 | D:5      | Identified the +7 sling of Inconvenience {drain, rElec}
  4196 | D:5      | Reached XP level 8. HP: 54/54 MP: 8/8
  4458 | D:4      | Slain by an orc

Illustrated notes

Levels and vault maps discovered:
D:1:      dpeg_arrival_subterranean_lakeside_camping, layout_basic,
          nicolae_titane
D:2:      layout_basic, serial_bayou_crossing, uniq_robin, uniq_sigmund
D:3:      layout_basic, ashenzari_altar_1, jmf_multi_god_temple2,
          basic_ecumenical_altar
D:4:      layout_gridville, temple_doors_ab, serial_shops, shop, uniq_duvessa
D:5:      layout_basic, gammafunk_ghost_abyssal_escape, minmay_starry_boxes,
          uniq_edmund
Temple:   cyrus_temple_forest

Skill      XL: |  1  2  3  4  5  6  7  8 |
---------------+-------------------------+-----
Fighting       | 2 3 4 |  4.0
Unarmed Combat | 4 5 6 |  6.5
Shapeshifting  | 4 5 6 |  6.1
Dodging        | |  2.0

Action                     |  1- 3 |  4- 6 |  7- 9 || total
---------------------------+-------+-------+-------++-------
  Melee: Unarmed           |    69 |    99 |    71 ||   239
         Tentacles         |    14 |    19 |    11 ||    44
         Constrict         |    13 |    29 |    18 ||    60
         Punch             |       |     3 |     8 ||    11
Ability: Lunge             |       |       |     4 ||     4
    Use: Scroll            |       |       |     3 ||     3
         Potion            |       |       |     1 ||     1
   Stab: Sleeping          |    16 |     5 |     2 ||    23
 Armour: Skin              |    17 |    31 |    41 ||    89
  Dodge: Dodged            |    35 |    37 |    45 ||   117

Table legend: (Time is in decaauts)
 A = Elapsed time spent in this place.
 B = Non-inter-level travel time spent in this place.
 C = Inter-level travel time spent in this place.
 D = Time resting spent in this place.
 E = Time spent auto-exploring this place.
 F = Levels seen in this place.
 G = Mean time per level.
                   A        B        C        D        E       F      G
               +--------+--------+--------+--------+--------+-----+--------+
         Total |   4435 |   4206 |    229 |    329 |   3191 |   6 |  739.2 |
       Dungeon |   4351 |   4203 |    148 |    329 |   3191 |   5 |  870.2 |
        Temple |     83 |      2 |     81 |      0 |      0 |   1 |   83.0 |
               +--------+--------+--------+--------+--------+-----+--------+

Top non-repeatable levels by time:
     D:4: 1322 daAuts
     D:2: 1071 daAuts
     D:3: 908 daAuts
     D:1: 890 daAuts
     D:5: 159 daAuts
  Temple: 83 daAuts
